 Dungeon Crawl Stone Soup version 0.30-a0-778-g2ef04afb54 (webtiles) character file.

Game seed: 10788562071097094006

5779 NotreDorf the Spear-Bearer (level 10, -1/86 HPs)
             Began as a Merfolk Reaver on Feb 14, 2023.
             Was a Believer of Vehumet.
             Slain by a polar bear simulacrum (18 damage)
             ... on level 9 of the Dungeon on Feb 16, 2023.
             The game lasted 00:51:46 (7902 turns).

NotreDorf the Spear-Bearer (Merfolk Reaver)         Turns: 7902, Time: 00:51:46

Health: -1/86      AC: 16    Str: 16    XL:     10   Next: 78%
Magic:  18/18      EV: 18    Int: 19    God:    Vehumet [**....]
Gold:   542        SH:  0    Dex: 22    Spells: 8/20 levels left

rFire   . . .      SeeInvis .    j - +0 trident (heavy)
rCold   . . .      Faith    .    (no shield)
rNeg    . . .      Spirit   .    z - +5 leather armour "Roipsafo" {Str+3}
rPois   .          Reflect  .    F - +0 helmet
rElec   .          Harm     .    (no cloak)
rCorr   .          Rampage  .    e - +0 pair of gloves
Will    .....                    q - +2 pair of boots
Stlth   +++                      r - amulet of regeneration
HPRegen 1.94/turn                m - +6 ring of intelligence
MPRegen 0.16/turn                B - +6 ring of dexterity

@: no status effects
A: (nimble swimmer 2), mertail, iridescent scales 1, regeneration 1, robust 1,
shaggy fur 1
a: Renounce Religion


You were on level 9 of the Dungeon.
You worshipped Vehumet.
Vehumet was pleased with you.
You visited 1 branch of the dungeon, and saw 9 of its levels.
You also visited: Bailey.

You collected 596 gold pieces.
You spent 54 gold pieces at shops.

Inventory:

Hand Weapons
 a - a +1 spear of protection
 j - a +0 heavy trident (weapon)
Armour
 b - a +0 leather armour of poison resistance
 d - a +3 scale mail of cold resistance
 e - a +0 pair of gloves (worn)
 q - a +2 pair of boots (worn)
 u - a +1 buckler
 z - the +5 leather armour "Roipsafo" (worn) {Str+3}
   (You found it on level 4 of the Dungeon)

   Str:       It affects your strength (+3).
 F - a +0 helmet (worn)
Jewellery
 h - a ring of positive energy
 l - an amulet of magic regeneration
 m - a +6 ring of intelligence (left hand)
 r - an amulet of regeneration (around neck)
 t - a ring of ice
 B - a +6 ring of dexterity (right hand)
Wands
 o - a wand of flame (12)
 p - a wand of digging (8)
 C - a wand of roots (8)
Scrolls
 g - 4 scrolls of identify
 k - 2 scrolls of teleportation
 v - 3 scrolls of butterflies
 y - a scroll of magic mapping
 E - 4 scrolls of amnesia
Potions
 c - 2 potions of flight
 f - a potion of invisibility
 i - a potion of resistance
 n - 2 potions of brilliance
 s - a potion of heal wounds
 w - a potion of lignification


   Skills:
 + Level 7.3 Fighting
 + Level 8.9 Polearms
 + Level 8.5 Dodging
 - Level 4.0 Stealth
 + Level 5.4 Shields
 + Level 5.9 Spellcasting
 - Level 3.3 Conjurations
 - Level 3.2 Translocations
 + Level 5.7 Ice Magic


You had 8 spell levels left.
You knew the following spells:

 Your Spells              Type           Power      Damage    Failure   Level
b - Blink                 Tloc           34%        N/A       5%          2
c - Momentum Strike       Conj/Tloc      36%        3d9       5%          2
d - Lesser Beckoning      Tloc           34%        N/A       5%          2
e - Hailstorm             Conj/Ice       22%        3d7       6%          3
f - Ozocubu's Armour      Ice            27%        N/A       4%          3

Your spell library contained the following spells:

 Spells                   Type           Power      Damage    Failure   Level
 Static Discharge         Conj/Air       22%        2-3/arc   11%         2
 Foxfire                  Conj/Fire      44%        2x1d6     7%          1
 Kiss of Death            Conj/Necr      44%        2d8       7%          1
 Dazzling Flash           Conj/Hex       22%        N/A       22%         3
 Inner Flame              Hex/Fire       5%         N/A       38%         3
 Flame Wave               Conj/Fire      11%        2d6       56%         4
 Sticky Flame             Conj/Fire      11%        2d3       56%         4
 Metabolic Englaciation   Hex/Ice        8%         N/A       75%         5
 Fireball                 Conj/Fire      5%         3d5       89%         5
 Agony                    Necr           5%         N/A       98%         5
 Silence                  Hex/Air        2%         N/A       98%         5
 Simulacrum               Ice/Necr       8%         N/A       100%        6
 Starburst                Conj/Fire      5%         6d4       100%        6


Dungeon Overview and Level Annotations

Branches:
Dungeon (9/15)             Temple (0/1) D:7          Bailey (visited)
   Lair: D:8-11         Orc: D:9-12

Altars:
Nemelex Xobeh
Okawaru
Uskayaw
Vehumet
Wu Jian
Yredelemnul

Shops:
D:3 [

Annotations:
D:4 1 runed translucent door, Crazy Yiuf
D:9 3 runed translucent doors, Psyche


Innate Abilities, Weirdness & Mutations

((You are very nimble when in or above water. (Stealth+, EV+, Speed+++)))
Your lower body shifts to a powerful aquatic tail in water.
You are partially covered in iridescent scales. (AC +2)
Your natural rate of healing is unusually fast.
You are robust. (+10% HP)
You are covered in fur. (AC +1)


Message History

You hear a shout!
You barely miss the necromancer.
The necromancer is severely wounded.
The polar bear simulacrum closely misses you.
The polar bear simulacrum claws you. The polar bear simulacrum freezes you!
* * * LOW HITPOINT WARNING * * *
The polar bear simulacrum barely misses you.
The necromancer hits you but does no damage.
You closely miss the necromancer.
The necromancer is severely wounded.
The polar bear simulacrum closely misses you.
The polar bear simulacrum claws you but does no damage. x2
The necromancer hits you but does no damage.
You hit the necromancer.
The necromancer is severely wounded.
The necromancer hits you but does no damage.
The polar bear simulacrum completely misses you.
The polar bear simulacrum claws you but does no damage. x2
You closely miss the necromancer.
The necromancer is severely wounded.
The necromancer hits you with a +0 dagger.
The polar bear simulacrum bites you!
* * * LOW HITPOINT WARNING * * *
The polar bear simulacrum freezes you!
* * * LOW HITPOINT WARNING * * *
The polar bear simulacrum barely misses you.
The polar bear simulacrum claws you but does no damage.
The necromancer barely misses you.
You puncture the necromancer!
You kill the necromancer!
Vehumet accepts your kill.
The polar bear simulacrum barely misses you. x2
The polar bear simulacrum claws you but does no damage.
You barely miss the polar bear simulacrum.
The polar bear simulacrum closely misses you.
The polar bear simulacrum claws you but does no damage. x2
The polar bear simulacrum bites you.
* * * LOW HITPOINT WARNING * * *
The polar bear simulacrum freezes you!!
You die...

...##.#....##########.....#
...........# ? #.....#
###....#...###. #..####
#....<...#... #.##
#...#..#.#@...#####.#
.....###.#.#Z..Z#.....#
..... #.#.#..p.'.P⌠P.# ..#
#.#.######Z....# .
#........@)....#
##......######## #######


You could see a polar bear simulacrum.

Vanquished Creatures
  Pikel (D:5)
  A necromancer (D:9)
  An ugly thing (D:9)
  A gargoyle (Bailey)
  A kobold demonologist (D:9)
  Grinder (D:6)
  Sigmund (D:2)
  4 yaks
  Eustachio (D:4)
  An acid dragon (D:5)
  2 orc warriors
  A sky beast (D:7)
  2 black bears
  3 ogres
  A centaur (D:5)
  2 phantoms
  2 lemures (D:5)
  A kobold brigand (D:9)
  A gnoll sergeant (D:8)
  2 bullfrogs
  A necrophage (D:5)
  2 scorpions
  2 howler monkeys (D:5)
  5 wolf zombies (Bailey)
  7 vampire bats (Bailey)
  2 hounds (D:5)
  A gnoll bouda (D:8)
  An orc priest (D:8)
  6 iguanas
  7 orc wizards
  8 gnolls
  11 adders
  2 white imps
  4 worms
  2 dart slugs
  14 orcs
  3 ball pythons
  8 bats
  4 endoplasms
  3 giant cockroaches
  6 goblins
  12 hobgoblins
  7 jackals
  7 kobolds
  3 quokkas
  3 frilled lizards
  22 orc zombies (Bailey)
  6 rats
189 creatures vanquished.

Vanquished Creatures (others)
  A fungus (D:1)
  3 plants (D:1)
4 creatures vanquished.

Grand Total: 193 creatures vanquished

Notes
Turn   | Place    | Note
-------+----------+-------------------------------------------
     0 | D:1      | NotreDorf the Merfolk Reaver began the quest for the Orb.
     0 | D:1      | Reached XP level 1. HP: 16/16 MP: 3/3
   165 | D:1      | Reached XP level 2. HP: 23/23 MP: 5/5
   270 | D:1      | Found a faded altar of an unknown god.
   438 | D:1      | Reached XP level 3. HP: 28/28 MP: 6/6
  1142 | D:2      | Reached XP level 4. HP: 34/34 MP: 7/7
  1286 | D:2      | Learned a level 2 spell: Blink
  1289 | D:2      | Learned a level 2 spell: Momentum Strike
  1292 | D:2      | Learned a level 2 spell: Lesser Beckoning
  1381 | D:2      | Noticed Sigmund
  1411 | D:2      | Killed Sigmund
  1412 | D:2      | Reached skill level 5 in Polearms
  1412 | D:2      | Reached skill level 1 in Translocations
  1412 | D:2      | Reached XP level 5. HP: 31/41 MP: 7/9
  1412 | D:2      | Reached XP level 6. HP: 36/47 MP: 7/10
  1700 | D:3      | Found Mayroat's Armour Shoppe.
  1708 | D:3      | Bought a +0 buckler for 54 gold pieces
  1723 | D:3      | Learned a level 3 spell: Hailstorm
  2051 | D:3      | Found an ornate altar of the Wu Jian Council.
  2541 | D:4      | Found a runed translucent door.
  2542 | D:4      | Noticed Crazy Yiuf
  2818 | D:4      | Noticed Eustachio
  2835 | D:4      | Gained mutation: You are covered in fur. (AC +1) [potion of
                  | mutation]
  2835 | D:4      | Gained mutation: You are robust. (+10% HP) [potion of
                  | mutation]
  2835 | D:4      | Gained mutation: Your natural rate of healing is unusually
                  | fast. [potion of mutation]
  2835 | D:4      | Gained mutation: You are partially covered in iridescent
                  | scales. (AC +2) [potion of mutation]
  2915 | D:4      | Identified the +5 leather armour "Roipsafo" {Str+3}
  3118 | D:4      | Killed Eustachio
  3119 | D:4      | Reached skill level 1 in Stealth
  3119 | D:4      | Reached skill level 1 in Shields
  3119 | D:4      | Reached XP level 7. HP: 39/58 MP: 11/11
  3483 | D:5      | Entered Level 5 of the Dungeon
  3506 | D:5      | Reached skill level 1 in Ice Magic
  3566 | D:5      | Reached skill level 5 in Dodging
  3738 | D:5      | Reached XP level 8. HP: 66/67 MP: 13/13
  3998 | D:5      | Noticed Pikel
  4058 | D:5      | Killed Pikel
  4059 | D:5      | Reached skill level 5 in Fighting
  4059 | D:5      | Reached XP level 9. HP: 63/74 MP: 13/15
  4461 | D:5      | Found a radiant altar of Vehumet.
  4495 | D:5      | Became a worshipper of Vehumet
  4708 | D:6      | Noticed Grinder
  4709 | D:6      | Paralysed by Grinder for 3 turns
  4722 | D:6      | Paralysed by Grinder for 5 turns
  4735 | D:6      | Paralysed by Grinder for 3 turns
  4749 | D:6      | Killed Grinder
  4767 | D:6      | Learned a level 3 spell: Ozocubu's Armour
  5761 | D:7      | Found a flagged portal.
  5775 | Bailey   | Entered a bailey
  5906 | Bailey   | Noticed a gargoyle
  5909 | Bailey   | Reached * piety under Vehumet
  5909 | Bailey   | Offered knowledge of Sandblast by Vehumet.
  5953 | Bailey   | Killed a gargoyle
  6223 | Bailey   | Reached skill level 5 in Spellcasting
  6420 | D:7      | Found a staircase to the Ecumenical Temple.
  6483 | D:7      | Found an iron altar of Okawaru.
  6512 | D:7      | Found a basalt altar of Yredelemnul.
  6575 | D:7      | Reached XP level 10. HP: 84/84 MP: 17/17
  6902 | D:8      | Found a hide-covered altar of Uskayaw.
  6917 | D:8      | Reached ** piety under Vehumet
  6917 | D:8      | Offered knowledge of Freeze by Vehumet.
  6951 | D:7      | Upgraded the game from 0.30-a0-777-ga9a30cbeda to
                  | 0.30-a0-778-g2ef04afb54
  7080 | D:8      | Noticed a +0 hand axe
  7080 | D:8      | Noticed a +0 dagger
  7270 | D:8      | Found a sparkling altar of Nemelex Xobeh.
  7561 | D:8      | Reached skill level 5 in Ice Magic
  7578 | D:9      | Found a runed translucent gate.
  7578 | D:9      | Found a runed translucent gate.
  7583 | D:9      | Found a runed translucent gate.
  7675 | D:9      | Noticed a kobold demonologist
  7690 | D:9      | Killed a kobold demonologist
  7723 | D:9      | Offered knowledge of Static Discharge by Vehumet.
  7724 | D:9      | Reached skill level 5 in Shields
  7804 | D:9      | Noticed a brown ugly thing
  7818 | D:9      | Killed a brown ugly thing
  7882 | D:9      | Noticed a necromancer
  7882 | D:9      | Noticed Psyche
  7901 | D:9      | Killed a necromancer
  7902 | D:9      | Slain by a polar bear simulacrum

Illustrated notes

Levels and vault maps discovered:
D:1:      dpeg_arrival_simpleton_c, layout_rooms,
          shapermc_ecumenical_altar_petra
D:2:      layout_loops_cross, serial_co_window_serial, co_window_paths_a,
          co_window_of_opportunity_a, co_window_corner_a,
          co_window_of_opportunity_a, co_window_corner_a, co_window_paths_a,
          co_window_unsneaky_path_a, co_window_corner_b, co_window_broadway_a,
          co_window_2corner, co_window_corner_b, co_window_corner_b,
          co_window_broadway_b, glass_columns_b, glass_columns_a,
          glass_columns_a, glass_columns_b, uniq_sigmund
D:3:      layout_basic, pdpol_wu_jian_five_deadly_venoms, serial_shops, shop
D:4:      layout_loops_ring, uniq_crazy_yiuf_cottage, uniq_eustachio
D:5:      layout_rooms, mainiacjoe_overflow_surrounded_room,
          hangedman_minor_gate_pass, uniq_pikel
D:6:      layout_basic, dk_noncrumbling_4, uniq_grinder
D:7:      layout_gridville, mainiacjoe_overflow_two_lobes,
          minmay_temple_entry_large_hall, enter_bailey_3
D:8:      layout_rooms, old_standard_altar, dancing_weapons_uskayaw,
          hangedman_abyss_or_decor_lesser_grid
D:9:      minmay_separated_statues, layout_cave_pools, serial_shops,
          nicolae_shop_advertising_works [nicolae_subvault_shop_adworks],
          gammafunk_ghost_icy, eino_house_with_fridge, uniq_psyche

Skill      XL: |  1  2  3  4  5  6  7  8  9 10 |
---------------+-------------------------------+-----
Dodging        | 3 4 5 6 7 8 |  8.5
Fighting       | 3 4 5 6 7 |  7.3
Polearms       | 5 6 7 8 |  8.9
Conjurations   | 3 |  3.3
Translocations | 1 2 3 |  3.2
Spellcasting   | 3 4 5 |  5.9
Stealth        | 1 2 3 4 |  4.0
Shields        | 1 3 4 5 |  5.4
Ice Magic      | 1 3 4 5 |  5.7

Action                     |  1- 3 |  4- 6 |  7- 9 | 10-12 || total
---------------------------+-------+-------+-------+-------++-------
  Melee: Spear             |   134 |   333 |   684 |   116 ||  1267
         Punch             |     1 |       |       |     2 ||     3
         Halberd           |       |       |   113 |    35 ||   148
         Trident           |       |       |       |   115 ||   115
   Cast: Blink             |       |     1 |       |       ||     1
         Lesser Beckoning  |       |     1 |       |       ||     1
         Ozocubu's Armour  |       |       |     3 |     4 ||     7
         Momentum Strike   |       |       |     1 |       ||     1
  Evoke: Wand              |       |       |    14 |       ||    14
    Use: Potion            |       |     3 |    13 |     1 ||    17
         Scroll            |       |       |    16 |       ||    16
   Stab: Sleeping          |     1 |     2 |    11 |     1 ||    15
         Distracted        |       |       |     2 |     1 ||     3
         Invisible         |       |       |    17 |       ||    17
 Armour: Leather armour    |    31 |    74 |   221 |   116 ||   442
  Dodge: Dodged            |    66 |   125 |   437 |   237 ||   865
  Block: Buckler           |       |    28 |   128 |       ||   156

Table legend: (Time is in decaauts)
 A = Elapsed time spent in this place.
 B = Non-inter-level travel time spent in this place.
 C = Inter-level travel time spent in this place.
 D = Time resting spent in this place.
 E = Time spent auto-exploring this place.
 F = Levels seen in this place.
 G = Mean time per level.
                   A        B        C        D        E       F      G
               +--------+--------+--------+--------+--------+-----+--------+
         Total |   7720 |   7427 |    293 |    122 |   4701 |  10 |  772.0 |
       Dungeon |   7165 |   6872 |    293 |    101 |   4665 |   9 |  796.1 |
        Bailey |    555 |    555 |      0 |     21 |     36 |   1 |  555.0 |
               +--------+--------+--------+--------+--------+-----+--------+

Top non-repeatable levels by time:
     D:2: 1096 daAuts
     D:4: 1080 daAuts
     D:6: 1045 daAuts
     D:5: 999 daAuts
     D:3: 737 daAuts
     D:7: 719 daAuts
     D:8: 579 daAuts
  Bailey: 555 daAuts
     D:1: 546 daAuts
     D:9: 360 daAuts
